 Dungeon Crawl Stone Soup version 0.31.0-4-g52a2dc7128 (webtiles) character file.

Game seed: 15012942597351325006

1629155 freelancePsychic the Pyromancer (level 25, 180/180 HPs)
             Began as a Demonspawn Alchemist on Jan 21, 2024.
             Was a High Priest of Hepliaklqana.
             Escaped with the Orb
             ... and 3 runes!
             The game lasted 02:15:39 (71018 turns).

freelancePsychic the Pyromancer (DsAl)             Turns: 71018, Time: 02:15:39

Health: 180/180    AC: 32    Str: 16    XL:     25   Next: 82%
Magic:  36/37      EV: 20    Int: 29    God:    Hepliaklqana [*****.]
Gold:   5493       SH:  9    Dex: 15    Spells: 6/44 levels left

rFire   + + +        A - staff of fire
rCold   + . .        c - +3 buckler {rF+}
rNeg    + . .        p - +7 swamp dragon scales
rPois   +            o - +2 helmet
rElec   +            b - +2 cloak {rC+}
rCorr   .            T - +2 pair of gloves of Death Resistance {^Contam rElec rN+}
SInv    .            (boots unavailable)
Will    +....        x - amulet of magic regeneration
Stlth   +            U - ring "Dapt" {^Drain rF+ Str+4 Stlth+}
HPRegen 0.50/turn    i - ring of Ewefump {AC+4 Int+6 Slay+3}
MPRegen 0.65/turn

%: repel missiles
@: studying Unarmed Combat
A: reduced essence, hooves 3, repulsion field 3, demonic guardian 3, ignite
blood 3, corrupting presence 2, word of chaos, dopey 1, strong 1
0: Orb of Zot
}: 3/15 runes: decaying, serpentine, silver
a: Word of Chaos, Renounce Religion, Recall Ancestor, Ancestor Identity,
Transference, Idealise


You escaped.
You worshipped Hepliaklqana.
Hepliaklqana was extremely pleased with you.
You visited 9 branches of the dungeon, and saw 47 of its levels.
You visited the Abyss 1 time.
You also visited: Trove, Bailey, Ice Cave and Desolation.

You collected 9341 gold pieces.
You spent 3848 gold pieces at shops.

Inventory:

Armour
 b - a +2 cloak of cold resistance (worn)
 c - a +3 buckler of fire resistance (worn)
 o - a +2 helmet (worn)
 p - +7 swamp dragon scales (worn)
 T - the +2 pair of gloves of Death Resistance (worn) {^Contam rElec rN+}
   (You bought it in a shop on level 2 of the Orcish Mines)

   rElec:     It insulates you from electricity.
   rN+:       It protects you from negative energy.
   ^Contam:   It causes magical contamination when unequipped.
Magical Staves
 A - a staff of fire (weapon)
 V - the staff of Conversion {^Drain rPois Will+ Int+7 Earth}
   (You found it on level 4 of the Depths)

   [staff of earth]

   Base accuracy: +5 Base damage: 5 Base attack delay: 1.2 This weapon's minimum
   attack delay (0.6) is reached at skill level 12.
   Int+7:     It affects your intelligence (+7).
   rPois:     It protects you from poison Will+: It increases your willpower.
   ^Drain:    It drains your maximum health when unequipped.
   Earth:     It increases the power of your Earth spells.
   It falls into the 'Staves' category.
   It is a one-handed weapon.
Jewellery
 h - the ring of Kotysul {rF++ MP+9 Dex+2}
   (You took it off a deep elf death mage on level 3 of the Elven Halls)

   [ring of magical power]

   Dex+2:     It affects your dexterity (+2).
   rF++:      It greatly protects you from fire.
   MP+9:      It affects your magic capacity (+9).
 i - the ring of Ewefump (right hand) {AC+4 Int+6 Slay+3}
   (You bought it in a shop on level 2 of the Orcish Mines)

   [ring of protection]

   AC+4:      It affects your AC (+4).
   Int+6:     It affects your intelligence (+6).
   Slay+3:    It affects your accuracy & damage with ranged weapons and melee
   (+3).
 x - an amulet of magic regeneration (around neck)
 C - a ring of positive energy
 F - the amulet "Valurr" {Acrobat Regen+}
   (You found it in a treasure trove)

   [amulet of the acrobat]

   Acrobat:   It increases your evasion while moving and waiting.
   Regen+:    It increases your rate of health regeneration.
 U - the ring "Dapt" (left hand) {^Drain rF+ Str+4 Stlth+}
   (You bought it in a shop on level 2 of the Orcish Mines)

   [ring of protection from fire]

   Str+4:     It affects your strength (+4).
   rF+:       It protects you from fire.
   ^Drain:    It drains your maximum health when unequipped.
   Stlth+:    It makes you more stealthy.
 Z - the amulet of Rupp {Reflect Regen+ SH+5}
   (You took it off a deep elf sorcerer on level 3 of the Elven Halls)

   [amulet of reflection]

   Reflect:   It reflects blocked missile attacks.
   Regen+:    It increases your rate of health regeneration.
   SH+5:      It affects your SH (+5).
Wands
 m - a wand of charming (69)
 t - a wand of iceblast (52)
 v - a wand of digging (9)
 E - a wand of flame (103)
 G - a wand of quicksilver (35)
 I - a wand of mindburst (26)
Scrolls
 e - 15 scrolls of teleportation {@r4}
 f - 8 scrolls of poison
 l - 4 scrolls of fear
 n - 8 scrolls of fog
 q - 2 scrolls of enchant weapon
 s - 6 scrolls of summoning
 z - a scroll of silence
 D - 6 scrolls of immolation
 Q - a scroll of brand weapon
 W - 11 scrolls of amnesia
 X - 4 scrolls of enchant armour
Potions
 a - 12 potions of attraction
 d - 8 potions of lignification
 g - 6 potions of enlightenment
 j - 11 potions of might
 k - 6 potions of curing {@q1}
 r - 8 potions of heal wounds {@q2}
 u - 6 potions of cancellation
 w - 5 potions of ambrosia
 H - a potion of invisibility
 J - a potion of resistance
 K - 8 potions of haste {@q3}
 M - 3 potions of magic
 P - 9 potions of mutation
 R - 7 potions of brilliance
 Y - 3 potions of berserk rage
Miscellaneous
 y - a box of beasts
 B - a lightning rod (4/4)
 N - a phantom mirror
 O - a condenser vane


   Skills:
 - Level 17.0 Fighting
 - Level 6.0 Staves
 - Level 11.0 Armour
 - Level 12.0 Dodging
 - Level 1.7 Stealth
 - Level 6.2 Shields
 - Level 10.0 Spellcasting
 - Level 11.2 Conjurations
 - Level 22.6 Fire Magic
 + Level 22.0 Air Magic
 - Level 10.1 Alchemy
 - Level 11.1 Invocations
 - Level 6.3 Evocations


You had 6 spell levels left.
You knew the following spells:

 Your Spells              Type           Power      Damage    Failure   Level
a - Maxwell's Capacitive  Air            48%        ∞         6%          8
b - Mercury Vapours       Alch/Air       100%       N/A       0%          2
c - Sticky Flame          Fire/Alch      100%       2d15      1%          4
d - Olgreb's Toxic Radia  Alch           65%        N/A       1%          4
e - Ignition              Fire           60%        3d16      4%          8
f - Sting                 Conj/Alch      100%       1d9       1%          1
h - Irradiate             Conj/Alch      33%        3d22      2%          5
i - Plasma Beam           Fire/Air       60%        2x1d76    1%          6

Your spell library contained the following spells:

 Spells                   Type           Power      Damage    Failure   Level
 Shock                    Conj/Air       100%       1d9       0%          1
 Scorch                   Fire           100%       2d9       0%          2
 Swiftness                Air            97%        N/A       0%          3
 Kiss of Death            Conj/Necr      100%       2d13      1%          1
 Magic Dart               Conj           100%       1d8       1%          1
 Cigotuvi's Dreadful Rot  Necr/Alch/Air  100%       N/A       1%          2
 Momentum Strike          Conj/Tloc      94%        3d10      1%          2
 Searing Ray              Conj           100%       2d8       1%          2
 Mephitic Cloud           Conj/Alch/Air  78%        N/A       1%          3
 Volatile Blastmotes      Fire/Tloc      100%       2d18      1%          3
 Flame Wave               Conj/Fire      100%       2d21      1%          4
 Fulminant Prism          Conj/Alch      33%        3d16      1%          4
 Summon Blazeheart Golem  Fire/Summ      88%        N/A       1%          4
 Summon Lightning Spire   Summ/Air       68%        N/A       1%          4
 Vhi's Electric Charge    Tloc/Air       100%       N/A       1%          4
 Arcjolt                  Conj/Air       42%        1d52      1%          5
 Fireball                 Conj/Fire      53%        3d21      1%          5
 Conjure Ball Lightning   Conj/Air       42%        3x3d15    1%          6
 Starburst                Conj/Fire      53%        6d14      1%          6
 Dazzling Flash           Conj/Hex       94%        N/A       2%          3
 Hailstorm                Conj/Ice       47%        3d10      2%          3
 Stone Arrow              Conj/Erth      94%        3d12      2%          3
 Freezing Cloud           Conj/Ice/Air   34%        6-21      2%          5
 Iskenderun's Battlesphe  Conj           68%        2d12      2%          5
 Freeze                   Ice            56%        1d7       8%          1
 Necrotise                Necr           56%        1d6       8%          1
 Sandblast                Erth           28%        2d8       8%          1
 Slow                     Hex            56%        N/A       8%          1
 Brom's Barrelling Bould  Conj/Erth      47%        2d6       8%          4
 Iskenderun's Mystic Bla  Conj/Tloc      47%        2d10      8%          4
 Leda's Liquefaction      Alch/Erth      22%        N/A       10%         4
 Petrify                  Alch/Erth      44%        N/A       10%         4
 Blink                    Tloc           28%        N/A       12%         2
 Call Imp                 Summ           28%        N/A       12%         2
 Ensorcelled Hibernation  Hex/Ice        28%        N/A       12%         2
 Jinxbite                 Hex            28%        N/A       12%         2
 Lesser Beckoning         Tloc           28%        N/A       12%         2
 Sublimation of Blood     Necr           14%        N/A       12%         2
 Confusing Touch          Hex            14%        N/A       22%         3
 Frozen Ramparts          Ice            28%        1d5       22%         3
 Fugue of the Fallen      Necr           14%        N/A       22%         3
 Gell's Gravitas          Tloc           14%        N/A       22%         3
 Ozocubu's Armour         Ice            14%        N/A       22%         3
 Passwall                 Erth           14%        N/A       22%         3
 Sigil of Binding         Hex            14%        N/A       22%         3
 Summon Ice Beast         Ice/Summ       14%        N/A       22%         3
 Teleport Other           Tloc           14%        N/A       22%         3
 Vampiric Draining        Necr           14%        2d7       22%         3
 Yara's Violent Unravell  Hex/Alch       22%        3d10      26%         5
 Anguish                  Hex/Necr       7%         N/A       58%         4
 Animate Armour           Summ/Erth      28%        N/A       58%         4
 Animate Dead             Necr           14%        N/A       58%         4
 Cause Fear               Hex            7%         N/A       58%         4
 Dimensional Bullseye     Hex/Tloc       7%         N/A       58%         4
 Dispel Undead            Necr           14%        3d10      58%         4
 Manifold Assault         Tloc           14%        N/A       58%         4
 Martyr's Knell           Necr/Summ      14%        N/A       58%         4
 Bombard                  Conj/Erth      23%        9d4       75%         6
 Sculpt Simulacrum        Ice/Alch       22%        N/A       82%         6
 Borgnjor's Vile Clutch   Necr/Erth      7%         N/A       91%         5
 Curse of Agony           Necr           14%        N/A       91%         5
 Lee's Rapid Deconstruct  Erth           7%         3d6*      91%         5
 Summon Forest            Summ/Tloc      7%         N/A       91%         5
 Summon Mana Viper        Hex/Summ       14%        N/A       91%         5
 Death Channel            Necr           7%         N/A       100%        6
 Dispersal                Tloc           7%         N/A       100%        6
 Summon Cactus Giant      Summ           7%         N/A       100%        6
 Orb of Destruction       Conj           34%        9d10      54%         7
 Enfeeble                 Hex            7%         N/A       100%        7
 Haunt                    Necr/Summ      7%         N/A       100%        7
 Monstrous Menagerie      Summ           7%         N/A       100%        7
 Ozocubu's Refrigeration  Ice            7%         4d9       100%        7
 Spellforged Servitor     Conj/Summ      23%        N/A       100%        7
 Summon Hydra             Summ           7%         N/A       100%        7
 Borgnjor's Revivificati  Necr           7%         N/A       100%        8
 Discord                  Hex            7%         N/A       100%        8
 Lehudib's Crystal Spear  Conj/Erth      23%        10d7      100%        8
 Death's Door             Necr           7%         N/A       100%        9
 Fire Storm               Conj/Fire      53%        8d13      100%        9


Dungeon Overview and Level Annotations

Branches:
Dungeon (15/15)              Lair (5/5) D:11          Swamp (4/4) Lair:2
  Snake (4/4) Lair:3        Slime (0/5) Lair:5          Orc (2/2) D:11
    Elf (3/3) Orc:2        Vaults (5/5) D:13          Crypt (0/3) Vaults:3
 Depths (4/4) D:15            Zot (5/5) Depths:4     Bailey (visited)
  IceCv (visited)         Desolation (visited)
 Temple: D:4-7

Altars:
Hepliaklqana
Kikubaaqudgha
Trog
Uskayaw
Vehumet
Yredelemnul
Jiyva

Shops:
D:1 !   Orc:1 ?   Orc:2 [?[=   Snake:4 *=(   Vaults:4 [[[   Vaults:5 *
Depths:1 =[=*   Depths:2 :

Portals:
Hell: Depths:1 Depths:2 Depths:3 Depths:4
Abyss: Snake:4 Depths:1 Depths:3
Pandemonium: Depths:2 Depths:3
Ziggurat: Depths:3

Annotations:
D:5 Edmund
D:10 Boris
Lair:4 Rupert
Swamp:2 1 runed translucent door, olmar's ghost, adept OnFE
Snake:1 2 transporters
Snake:4 2 transporters, Ousak's ghost, adept OpSh
Elf:2 5 runed translucent doors
Zot:5 1 exclusion


Innate Abilities, Weirdness & Mutations

Your life essence is reduced to manifest your ancestor. (-10% HP)
You have hooves in place of feet.
You are surrounded by a strong repulsion field. (EV +4, RMsl)
A powerful demonic guardian rushes to your aid.
Your demonic aura causes all spilled blood to erupt in flames.
Your presence sometimes corrodes or deforms those you injure.
You can speak a Word of Chaos.
You are dopey. (Int -2)
Your muscles are strong. (Str +4, Int/Dex -1)


Message History

The glowing orange brain pulsates.
Something gnaws on your mind!
You feel your power leaking away.
You hit the glowing orange brain.
The glowing orange brain twists and deforms.
You burn the glowing orange brain!!
You kill the glowing orange brain!
No target in view!
What level of the Dungeon? (default 1, ? - help) Magic restored.
HP restored.
There is a stone staircase leading up here.
You climb upwards.
There is a stone staircase leading down here.
You see here a +0 dagger.
There is a stone staircase leading up here.
You climb upwards.
Level annotation: Edmund
There is a stone staircase leading down here.
There is a stone staircase leading up here.
You climb upwards.
There is a stone staircase leading down here.
You see here a +0 dagger.
There is a stone staircase leading up, spattered with blood here.
You climb upwards.
There is a stone staircase leading down, spattered with blood here.
Items here: )) ÷÷.
Things that are here:
a +0 short sword; an orc skeleton
Things that are here:
a +0 leather armour; a +0 short sword; an orc skeleton
There is a stone staircase leading up here.
You climb upwards.
There is a stone staircase leading down here.
There is a stone staircase leading up here.
You climb upwards.
There is a stone staircase leading down here.
There is a staircase leading out of the dungeon here.
Sizwe is recalled.
You have escaped!

#####..####.....# #.....##
.........#.....## ##.....########
########.#..#..# #..#..#......# #
#......#..#..# #..#..#.####.# #
#.####.#.....## ##.....#.#..... #
#.#######.....# #.....##.##..## #
#.>.....#.....###.....##.#...## #
#..####.##....R......###.#.....
###..##....##...@#....##.......##
.....#....).######..####.#.#.#...
####.######.#####..###...#.#.#.#.
.....#.............###.....#.#.#.
##......###.######.......###.#.#.
#......# #.# #######'###+#.#.
#......# #.# #.........##
##......# #.# #.........#
#.......# #.# #.........#


You could see the friendly Sizwe the knight (reflecting).

Vanquished Creatures
  Frederick (Vaults:5)
  An ancient lich (Zot:5)
  4 orbs of fire
  A juggernaut (Depths:2)
  Boris (Depths:3)
  Vashnia (Snake:2)
  5 Killer Klowns (Zot:5)
  Saint Roka (Vaults:4)
  6 caustic shrikes
  4 golden dragons
  Nikola (Depths:2)
  A Brimstone Fiend (Depths:1)
  3 electric golems
  11 Orb Guardians
  2 liches
  An Ice Fiend (Zot:4)
  Mlioglotl (Swamp:2)
  Jorgrun (Swamp:2)
  5 tentacled monstrosities
  5 titans
  2 deep elf master archers (Elf:3)
  2 deep elf blademasters (Elf:3)
  4 sphinxes
  Kirke (Swamp:1)
  5 death cobs
  A thorn hunter (Swamp:1)
  11 tengu reavers
  6 storm dragons
  Roxanne (D:15)
  8 nagarajas (Snake:4)
  2 shadow dragons (Vaults:5)
  Donald (Snake:3)
  A draconian monk (Zot:2)
  5 deep elf sorcerers (Elf:3)
  An iron dragon (Vaults:5)
  6 protean progenitors
  4 draconian knights
  2 draconian shifters
  5 frost giants
  A balrug (Depths:1)
  2 deep elf elementalists (Elf:3)
  11 fire giants
  11 vault wardens
  A ghost moth (Zot:1)
  A draconian stormcaller (Zot:2)
  3 imperial myrmidons (Desolation)
  19 very ugly things
  A cacodemon (D:10)
  17 ironbound preservers
  A broodmother (Zot:1)
  3 spriggan defenders (Depths:2)
  6 ironbound thunderhulks
  6 black draconians
  13 stone giants
  7 vampire knights
  4 deep elf demonologists
  5 red draconians
  2 war gargoyles (Vaults:5)
  5 eleionomae
  4 purple draconians
  5 deep elf death magi
  3 bunyips
  6 deep elf annihilators
  2 yellow draconians
  The ghost of peter4 the Geomancer, a journeyman TrEE of Vehumet (Lair:3)
  4 halazid warlocks (Desolation)
  2 white draconians
  6 spark wasps
  7 dire elephants
  10 ettins
  Snorg (Lair:3)
  9 fire dragons
  2 ragged hierophants (Desolation)
  11 yaktaur captains
  6 great orbs of eyes
  Harold (D:9)
  2 entropy weavers
  4 rakshasas
  The ghost of Ceyvaan the Thaumaturge, a journeyman DEFE of Sif Muna (Lair:3)
  8 deep elf high priests
  9 ice dragons
  A salamander tyrant (Snake:3)
  Erolcha (Orc:2)
  6 servants of whispers (Desolation)
  11 spriggan air magi
  2 ghost crabs
  2 caustic shrike simulacra (IceCv)
  18 hydras
  4 boulder beetles
  9 ironbound frosthearts
  9 anacondas
  8 centaur warriors
  4 peacekeepers
  3 ogre magi
  26 vault guards (Vaults:5)
  6 alligators
  2 catoblepae
  7 dancing weapons
  13 naga warriors
  12 tengu warriors
  A vampire mage (Depths:3)
  3 deep troll shamans
  9 deep troll earth magi
  8 naga sharpshooters
  3 shock serpents
  5 spriggan berserkers
  A soul eater (Depths:3)
  4 occultists
  11 spriggans
  10 hell knights
  A shock serpent (shapeshifter) (D:15)
  2 deep elf knights
  3 sixfirhies
  7 sea snakes
  40 deep trolls
  2 iron trolls (Depths:3)
  A spark wasp zombie (Depths:4)
  3 spriggan druids
  9 mana vipers
  4 goliath frogs
  An arcanist (Vaults:4)
  3 bog bodies
  A sea snake (shapeshifter) (Vaults:5)
  6 deep elf archers
  5 flayed ghosts
  A mana viper (shapeshifter) (Depths:3)
  Pikel (D:7)
  6 glowing orange brains
  A harpy (Vaults:2)
  A glowing orange brain (shapeshifter) (Depths:4)
  6 lindwurms
  14 ironbound convokers
  8 necromancers
  3 naga ritualists
  3 swamp dragons
  7 phantasmal warriors
  4 orc knights (Vaults:4)
  26 ugly things
  15 deep elf zephyrmancers
  16 deep elf pyromancers
  A stone giant zombie (Vaults:3)
  6 orc sorcerers
  A wolf spider (Lair:5)
  2 will-o-the-wisps (Swamp:3)
  A wolf spider (shapeshifter) (Vaults:5)
  3 manticores
  10 salamanders
  A faun (shapeshifter) (Depths:4)
  3 cyclopes
  5 moths of wrath
  43 black mambas
  6 naga magi
  2 gargoyles
  A torpor snail (Lair:5)
  10 cane toads (Lair:5)
  11 vault sentinels
  A torpor snail (shapeshifter) (Vaults:5)
  7 guardian serpents
  Maggie (D:7)
  A kobold demonologist (D:12)
  12 freezing wraiths
  6 rime drakes
  2 tengu conjurers
  A tormentor (D:13)
  An efreet (D:13)
  9 komodo dragons
  2 anaconda simulacra (IceCv)
  33 yaktaurs
  An ice devil (IceCv)
  2 guardian mummies (Depths:1)
  2 golden dragon simulacra (IceCv)
  11 trolls
  A red devil (D:13)
  A bloated husk (Swamp:4)
  An alligator simulacrum (IceCv)
  4 tyrant leeches
  12 hornets
  12 blink frogs
  2 glass eyes (shapeshifter) (Vaults:5)
  2 glass eyes (Depths:1)
  29 slime creatures
  22 saltlings (Desolation)
  A snapping turtle (shapeshifter) (Elf:3)
  Sigmund (D:3)
  5 air elementals
  6 dire elephant simulacra (IceCv)
  8 wyverns
  35 yaks
  A shadow (D:12)
  An elf zombie (Vaults:3)
  2 fire elementals
  2 wraiths
  5 basilisks
  3 steam dragons
  7 wargs
  13 vampire mosquitoes
  3 starcursed masses (Abyss:3)
  An elf skeleton (Vaults:3)
  3 harpy simulacra (IceCv)
  3 minotaur simulacra (IceCv)
  A redback (shapeshifter) (Vaults:5)
  2 acid dragons (D:9)
  A hydra simulacrum (IceCv)
  28 nagas
  10 swamp worms
  14 water moccasins
  11 orc warriors
  2 sky beasts
  2 ice beasts
  5 black bears
  A laughing skull (D:13)
  10 swamp drakes
  A black bear (shapeshifter) (Elf:2)
  An ettin simulacrum (IceCv)
  3 boggarts
  5 wolves
  8 ogres
  A lemure (D:7)
  10 centaurs
  2 phantoms
  4 kobold brigands
  2 scorpions (D:6)
  6 gnoll sergeants
  5 bullfrogs
  2 earth elementals (Elf:3)
  3 lindwurm simulacra (IceCv)
  11 killer bees
  9 howler monkeys
  4 bombardier beetles
  3 hounds
  4 jellies
  12 orc priests
  6 gnoll boudas
  2 sleepcaps
  Ijyb (D:3)
  21 orc wizards
  4 iguanas
  19 gnolls
  4 adders
  A white imp (D:5)
  3 ufetubi
  A ribbon worm (shapeshifter) (Depths:2)
  2 ribbon worms
  52 orcs
  4 bats
  7 endoplasms
  3 giant cockroaches
  15 goblins
  7 hobgoblins
  21 kobolds
  4 quokkas
  2 ball pythons
  3 frilled lizards
  4 rats
  4 aspiring fleshes (Zot:1)
1503 creatures vanquished.

Vanquished Creatures (collateral kills)
  2 ancient liches
  Mara (Depths:2)
  A juggernaut (Depths:4)
  Xtahua (Vaults:2)
  Bai Suzhen (Snake:3)
  A Killer Klown (Zot:5)
  A curse toe (Zot:5)
  3 golden dragons
  An electric golem (Zot:1)
  3 tentacled monstrosities
  2 Orb Guardians (Zot:5)
  3 liches
  A titan (Depths:2)
  2 quicksilver dragons
  2 death cobs (Zot:5)
  A thorn hunter (Swamp:2)
  4 sphinxes
  2 storm dragons
  4 tengu reavers
  3 fire giants
  A frost giant (Depths:3)
  An imperial myrmidon (Desolation)
  2 draconian knights
  A juggernaut zombie (Depths:4)
  A deep elf sorcerer (Elf:3)
  An orc warlord (Orc:1)
  3 vault wardens
  3 ironbound preservers
  An ironbound thunderhulk (Vaults:4)
  4 very ugly things
  7 stone giants
  A broodmother (Zot:1)
  A deep elf death mage (Elf:3)
  A green draconian (Zot:5)
  3 dire elephants
  A purple draconian (Zot:5)
  2 eleionomae
  A white draconian (Zot:5)
  4 spark wasps
  2 ettins
  2 crystal guardians
  8 fire dragons
  3 ragged hierophants (Desolation)
  2 yaktaur captains
  3 servants of whispers (Desolation)
  4 great orbs of eyes
  A peacekeeper (Vaults:3)
  2 centaur warriors (Vaults:1)
  5 spriggan air magi
  2 hydras
  An anaconda (shapeshifter) (Vaults:2)
  4 anacondas
  2 alligators (Zot:1)
  A boulder beetle (D:15)
  2 tengu warriors
  A deep troll earth mage (Depths:2)
  A deep troll shaman (Depths:3)
  A vampire mage (Depths:4)
  5 dancing weapons
  A naga warrior (Snake:3)
  4 spriggan berserkers
  2 iron trolls (Depths:2)
  A skyshark (Lair:5)
  Nergalle (Orc:2)
  10 hell knights
  A sun demon (Depths:1)
  A skeletal warrior (D:13)
  A salamander mystic (Snake:3)
  2 goliath frogs
  A glowing orange brain (Depths:2)
  11 deep trolls
  2 bog bodies
  2 naga ritualists
  3 ironbound convokers
  A phantasmal warrior (Vaults:3)
  2 lindwurms
  A deep elf zephyrmancer (Elf:1)
  2 necromancers
  2 deep elf pyromancers
  2 manticores
  4 orc sorcerers (Orc:2)
  6 ugly things
  A tengu skeleton (Vaults:3)
  6 will-o-the-wisps
  6 black mambas
  5 moths of wrath
  2 cyclopes
  3 salamanders
  A vault sentinel (Vaults:1)
  A smoke demon (Depths:1)
  2 naga magi (Snake:4)
  3 cane toads
  Jeremiah (Lair:1)
  2 yaktaurs
  3 komodo dragons
  An anaconda simulacrum (IceCv)
  A rime drake (Lair:5)
  A kobold demonologist (D:13)
  2 freezing wraiths (IceCv)
  An ice devil (IceCv)
  A tengu conjurer (Depths:4)
  A polar bear (Lair:2)
  An alligator simulacrum (IceCv)
  13 saltlings (Desolation)
  A troll (D:9)
  A glass eye (Depths:3)
  5 blink frogs
  8 slime creatures
  2 water elementals (Elf:1)
  3 wyverns
  A wraith (D:12)
  2 spriggans
  A shadow (D:12)
  An air elemental (Elf:2)
  12 yaks
  Grum (Bailey)
  A basilisk (D:11)
  2 fire elementals
  7 vampire mosquitoes
  3 starcursed masses (Abyss:3)
  A redback (Lair:5)
  3 nagas
  2 acid dragons
  3 water moccasins
  4 orc warriors
  A hydra simulacrum (IceCv)
  A swamp drake (Swamp:1)
  A boggart (D:14)
  A wolf (D:11)
  A centaur (D:14)
  4 ogres (Orc:2)
  3 bullfrogs
  2 earth elementals
  2 gnoll sergeants
  A deep troll simulacrum (IceCv)
  2 killer bees
  A lindwurm simulacrum (IceCv)
  A hound (Bailey)
  3 orc priests
  2 gnoll boudas (Bailey)
  4 iguanas (Lair:5)
  11 orc wizards
  8 gnolls
  4 orcs (Orc:2)
  An aspiring flesh (Zot:1)
369 creatures vanquished.

Vanquished Creatures (others)
  A fire giant (Depths:2)
  2 stone giants
  A fire dragon (Swamp:4)
  2 centaur warriors
  A hell knight (Vaults:5)
  A vault sentinel (Vaults:1)
  A yaktaur (Vaults:3)
  A bloated husk (Swamp:4)
  A saltling (Desolation)
  A jumping spider (shapeshifter) (Vaults:5)
  4 humans (Swamp:1)
  A fire elemental (Elf:2)
  28 knights
  An orc (D:5)
  35 foxfires
81 creatures vanquished.

Grand Total: 1953 creatures vanquished

Notes
Turn   | Place    | Note
-------+----------+-------------------------------------------
     0 | D:1      | freelancePsychic the Demonspawn Alchemist began the quest
                  | for the Orb.
     0 | D:1      | Reached XP level 1. HP: 13/13 MP: 3/3
   397 | D:1      | Gained mutation: Your demonic aura sometimes causes spilled
                  | blood to erupt in flames. [demonic ancestry]
   397 | D:1      | Reached XP level 2. HP: 20/20 MP: 1/5
   509 | D:1      | Found Diemioti's Distillery.
   824 | D:1      | Bought a potion of might for 40 gold pieces
   852 | D:2      | Reached skill level 1 in Fighting
   857 | D:2      | Learned a level 2 spell: Mercury Vapours
   971 | D:2      | Found an ancient bone altar of Kikubaaqudgha.
  1253 | D:2      | Reached skill level 1 in Air Magic
  1368 | D:2      | Gained mutation: A weak demonic guardian rushes to your
                  | aid. [demonic ancestry]
  1368 | D:2      | Reached XP level 3. HP: 26/26 MP: 1/6
  2017 | D:3      | Gained mutation: Your demonic aura often causes spilled
                  | blood to erupt in flames. [demonic ancestry]
  2017 | D:3      | Reached XP level 4. HP: 33/33 MP: 1/8
  2351 | D:3      | Noticed Ijyb
  2421 | D:1      | Bought a potion of heal wounds for 50 gold pieces
  2590 | D:3      | Found a bloodstained altar of Trog.
  2700 | D:3      | Noticed Sigmund
  2704 | D:3      | Killed Sigmund
  2705 | D:3      | Reached XP level 5. HP: 39/39 MP: 4/9
  2869 | D:3      | Learned a level 4 spell: Olgreb's Toxic Radiance
  2886 | D:3      | Killed Ijyb
  2887 | D:3      | Reached XP level 6. HP: 46/46 MP: 5/11
  3229 | D:3      | Reached skill level 1 in Fire Magic
  3414 | D:4      | Identified the +4 rapier "Ikkyrch" {pain, rElec Will+ MP-9}
  3513 | D:4      | Gained mutation: You have large cloven feet. [demonic
                  | ancestry]
  3513 | D:4      | Reached XP level 7. HP: 52/52 MP: 4/12
  3948 | D:5      | Entered Level 5 of the Dungeon
  4186 | D:5      | Reached skill level 5 in Alchemy
  4651 | D:5      | Identified the +4 rapier of Gehenna {heavy, Fly rC- rCorr
                  | Dex+2}
  4886 | D:5      | Noticed Edmund
  5256 | D:6      | Reached XP level 8. HP: 42/61 MP: 9/14
  5816 | D:6      | Reached skill level 5 in Spellcasting
  5860 | D:6      | Noticed a troll
  6038 | D:6      | Found a hide-covered altar of Uskayaw.
  6192 | D:6      | Reached skill level 5 in Fighting
  6292 | D:6      | Learned a level 4 spell: Sticky Flame
  6528 | D:6      | Killed a troll
  6529 | D:6      | Gained mutation: You are surrounded by a mild repulsion
                  | field. (EV +2) [demonic ancestry]
  6529 | D:6      | Reached XP level 9. HP: 33/69 MP: 1/17
  7277 | D:7      | Found a hazy altar of Hepliaklqana.
  7368 | D:7      | Became a worshipper of Hepliaklqana the Forgotten
  7463 | D:7      | Noticed Maggie
  7478 | D:7      | Killed Maggie
  7479 | D:7      | Reached skill level 5 in Fire Magic
  7646 | D:7      | Noticed Pikel
  7654 | D:7      | Killed Pikel
  8218 | D:7      | You fall into a shaft and drop 1 floor!
  8233 | D:8      | Gained mutation: You have hoof-like feet. [demonic
                  | ancestry]
  8233 | D:8      | Reached XP level 10. HP: 69/79 MP: 9/20
  8398 | D:8      | Reached * piety under Hepliaklqana
  9270 | D:9      | Noticed Harold
  9279 | D:9      | Killed Harold
  9378 | D:9      | Reached skill level 1 in Evocations
  9543 | D:9      | Found a flagged portal.
  9569 | Bailey   | Entered a bailey
  9569 | Bailey   | Reached ** piety under Hepliaklqana
  9571 | Bailey   | Remembered your ancestor Sizwe as a knight
  9986 | Bailey   | Noticed Grum
  9992 | Bailey   | Killed Grum
 10091 | Bailey   | Gained mutation: Your demonic aura causes all spilled blood
                  | to erupt in flames. [demonic ancestry]
 10091 | Bailey   | Reached XP level 11. HP: 78/78 MP: 12/21
 10590 | D:9      | Identified the +3 ring mail "Anuhozag" {Rampage rF- rC-
                  | Int+3 Dex+4}
 11150 | D:10     | Entered Level 10 of the Dungeon
 11448 | D:10     | Reached *** piety under Hepliaklqana
 11999 | D:11     | Found a staircase to the Orcish Mines.
 12461 | D:11     | Reached skill level 5 in Evocations
 12531 | D:11     | Reached skill level 1 in Invocations
 12615 | D:11     | Found a staircase to the Lair.
 12710 | D:11     | Noticed a red ugly thing
 12717 | D:11     | Noticed a white ugly thing
 12719 | D:11     | Killed a red ugly thing
 12727 | D:11     | Killed a white ugly thing
 12815 | D:11     | Reached skill level 10 in Fighting
 13143 | D:11     | Reached **** piety under Hepliaklqana
 13283 | Lair:1   | Entered Level 1 of the Lair of Beasts
 13286 | Lair:1   | Noticed Jeremiah
 13292 | Lair:1   | Reached skill level 1 in Shields
 13301 | Lair:1   | Killed Jeremiah
 13302 | Lair:1   | Reached XP level 12. HP: 44/87 MP: 8/22
 13501 | Lair:1   | Identified the +9 long sword of a bailey {venom, rC+ Str+5
                  | Int-2}
 14013 | Lair:2   | Reached skill level 5 in Invocations
 14245 | Lair:2   | Found a staircase to the Swamp.
 14376 | Lair:2   | Reached ***** piety under Hepliaklqana
 15024 | Lair:3   | Found a staircase to the Snake Pit.
 15171 | Lair:3   | Noticed an eight-headed hydra
 15182 | Lair:3   | Killed an eight-headed hydra
 15372 | Lair:3   | Identified the +1 sling of Kaiju {drain, rPois Stlth+}
 15474 | Lair:3   | Noticed Snorg
 15482 | Lair:3   | Killed Snorg
 15807 | Lair:3   | Found a runed translucent gate.
 15807 | Lair:3   | Found a runed translucent gate.
 15808 | Lair:3   | Found a runed translucent gate.
 15810 | Lair:3   | Noticed Ceyvaan's ghost (journeyman DEFE)
 15810 | Lair:3   | Noticed peter4's ghost (journeyman TrEE)
 15854 | Lair:3   | Reached skill level 5 in Air Magic
 16369 | Lair:3   | Noticed a seven-headed hydra
 16374 | Lair:3   | Killed a seven-headed hydra
 16660 | Lair:4   | Identified the +0 plate armour of Caimm {rN+ Int+4 Dex+3}
 16955 | Lair:4   | Gained mutation: You are surrounded by a moderate repulsion
                  | field. (EV +3) [demonic ancestry]
 16955 | Lair:4   | Reached XP level 13. HP: 83/96 MP: 11/23
 17125 | Lair:4   | Noticed Rupert
 17652 | Lair:5   | Entered Level 5 of the Lair of Beasts
 18298 | Lair:5   | Reached ****** piety under Hepliaklqana
 18773 | Lair:5   | Found a viscous altar of Jiyva.
 18773 | Lair:5   | Found a staircase to the Slime Pits.
 18830 | Lair:5   | Reached skill level 10 in Fire Magic
 18852 | Lair:5   | Noticed a fire dragon
 19713 | Lair:5   | Learned a level 6 spell: Plasma Beam
 20038 | Lair:5   | Killed a fire dragon
 20050 | Lair:5   | Identified the +1 pair of gloves "Byducaf" {rCorr Slay+2}
 20877 | D:12     | Reached XP level 14. HP: 50/106 MP: 16/24
 21909 | D:12     | Identified the +6 whip of the Extremes {flame, rCorr Int-4
                  | Dex-3 SInv}
 22806 | D:13     | Noticed an ironbound preserver
 22808 | D:13     | Found a gate to the Vaults.
 22823 | D:13     | Killed an ironbound preserver
 24828 | D:15     | Entered Level 15 of the Dungeon
 24951 | D:15     | Identified the +5 ring mail "Luagopil" {rPois rC+ Will+
                  | Int-3}
 25182 | D:15     | Reached skill level 5 in Shields
 25634 | D:15     | Noticed Roxanne
 25893 | Orc:1    | Entered Level 1 of the Orcish Mines
 26044 | Orc:1    | Found Jujaciad's Magic Scroll Shoppe.
 26160 | Orc:1    | Bought a scroll of blinking for 105 gold pieces
 26160 | Orc:1    | Bought a scroll of summoning for 133 gold pieces
 26160 | Orc:1    | Bought a scroll of summoning for 133 gold pieces
 26160 | Orc:1    | Bought a scroll of teleportation for 42 gold pieces
 26181 | Orc:1    | Noticed an orc warlord
 26243 | Orc:1    | Killed an orc warlord
 26667 | Orc:2    | Entered Level 2 of the Orcish Mines
 27002 | Orc:2    | Found a staircase to the Elven Halls.
 27352 | Orc:2    | Reached XP level 15. HP: 85/112 MP: 11/25
 27473 | Orc:2    | Paralysed by an orc sorcerer for 4 turns
 27520 | Orc:2    | Found Tycuiris's Antique Armour Emporium.
 27549 | Orc:2    | Bought a pair of smoking gloves for 275 gold pieces
 27549 | Orc:2    | Identified the +2 pair of gloves of Death Resistance
                  | {^Contam rElec rN+} (You bought it in a shop on level 2 of
                  | the Orcish Mines)
 27568 | Orc:2    | Found a radiant altar of Vehumet.
 27572 | Orc:2    | Noticed Erolcha
 27579 | Orc:2    | Killed Erolcha
 27624 | Orc:2    | Found Xoavi's Magic Scroll Emporium.
 27726 | Orc:2    | Noticed Nergalle
 27740 | Orc:2    | Killed Nergalle
 27820 | Orc:2    | Bought a scroll of teleportation for 39 gold pieces
 27820 | Orc:2    | Bought a scroll of teleportation for 39 gold pieces
 27822 | Orc:2    | Found an ancient bone altar of Kikubaaqudgha.
 27974 | Orc:2    | Found Woihim's Antique Armour Emporium.
 27989 | Orc:2    | Found Poyrox's Jewellery Shoppe.
 27997 | Orc:2    | Bought the ring of Ewefump {AC+4 Int+6 Slay+3} for 954 gold
                  | pieces
 28123 | Orc:2    | Bought the ring "Dapt" {^Drain rF+ Str+4 Stlth+} for 526
                  | gold pieces
 28318 | Swamp:1  | Entered Level 1 of the Swamp
 28339 | Swamp:1  | Noticed Kirke
 28342 | Swamp:1  | Killed Kirke
 28519 | Swamp:1  | Reached skill level 10 in Air Magic
 28531 | Swamp:1  | Noticed a thorn hunter
 28798 | Swamp:1  | Killed a thorn hunter
 29746 | Swamp:2  | Noticed Jorgrun
 29793 | Swamp:2  | Killed Jorgrun
 29794 | Swamp:2  | Reached skill level 15 in Fighting
 29926 | Swamp:2  | Found a runed translucent door.
 30128 | Swamp:2  | Noticed Mlioglotl
 30275 | Swamp:2  | Killed Mlioglotl
 30399 | Swamp:2  | Noticed olmar's ghost (adept OnFE)
 30425 | Swamp:2  | Noticed a thorn hunter
 30433 | Swamp:2  | Killed a thorn hunter
 31632 | Swamp:3  | Reached skill level 1 in Staves
 32258 | Snake:1  | Entered Level 1 of the Snake Pit
 32262 | Snake:1  | Reached XP level 16. HP: 108/122 MP: 9/28
 32553 | Snake:1  | Found a glacial archway.
 32557 | IceCv    | Entered an ice cave
 33101 | IceCv    | Reached skill level 5 in Staves
 33265 | IceCv    | Reached skill level 1 in Armour
 33452 | IceCv    | Identified the ring "Vociohyo" {rPois rC+ Int+2 Dex-2}
 33536 | IceCv    | Noticed a lich
 33665 | IceCv    | Killed a lich
 33877 | IceCv    | Found an ancient bone altar of Kikubaaqudgha.
 34183 | Snake:1  | Found a transporter.
 34880 | Snake:1  | Found a transporter.
 35137 | Snake:2  | Noticed Vashnia
 35728 | Snake:2  | Killed Vashnia
 35806 | Snake:2  | Reached skill level 5 in Armour
 36927 | Snake:3  | Noticed Donald
 36932 | Snake:3  | Killed Donald
 37041 | Snake:3  | Noticed Bai Suzhen
 37271 | Snake:3  | Found a runed translucent gate.
 37271 | Snake:3  | Found a runed translucent gate.
 37271 | Snake:3  | Found a runed translucent gate.
 37308 | Snake:3  | Gained mutation: You have hooves in place of feet. [demonic
                  | ancestry]
 37308 | Snake:3  | Reached XP level 17. HP: 127/127 MP: 10/29
 37464 | Snake:3  | Killed Bai Suzhen
 38465 | Snake:4  | Entered Level 4 of the Snake Pit
 38941 | Snake:4  | Noticed Ousak's ghost (adept OpSh)
 38942 | Snake:4  | Found a transporter.
 39748 | Snake:4  | Got a serpentine rune of Zot
 39834 | Snake:4  | Found a transporter.
 39838 | Snake:4  | Found a one-way gate to the infinite horrors of the Abyss.
 39944 | Snake:4  | Found Oxyeskas's Weapon Boutique.
 39991 | Snake:4  | Found Jurunwomm's Jewellery Shop.
 40014 | Snake:4  | Reached skill level 10 in Invocations
 40299 | Snake:4  | Found Qevveps's General Store.
 40306 | Snake:4  | Bought a wand of iceblast (4) for 144 gold pieces
 40830 | Swamp:4  | Entered Level 4 of the Swamp
 42023 | Swamp:4  | Gained mutation: You are surrounded by a strong repulsion
                  | field. (EV +4, RMsl) [demonic ancestry]
 42023 | Swamp:4  | Reached XP level 18. HP: 118/134 MP: 2/30
 42502 | Swamp:4  | Got a decaying rune of Zot
 43073 | Lair:3   | Killed Ceyvaan's ghost
 43084 | Lair:3   | Killed peter4's ghost
 43384 | Elf:1    | Entered Level 1 of the Elven Halls
 43584 | Elf:1    | Paralysed by an air elemental for 1 turns
 44619 | Elf:2    | Paralysed by an air elemental for 1 turns
 44932 | Elf:2    | Identified the +8 whip of Comehun {holy, rC+ Str-4 Dex+5}
 45206 | Elf:2    | Found a huge runed translucent gate.
 45206 | Elf:2    | Found a huge runed translucent gate.
 45206 | Elf:2    | Found a huge runed translucent gate.
 45206 | Elf:2    | Found a huge runed translucent gate.
 45207 | Elf:2    | Found a huge runed translucent gate.
 45480 | Elf:3    | Entered Level 3 of the Elven Halls
 45818 | Elf:3    | Paralysed by an air elemental for 1 turns
 45826 | Elf:3    | Paralysed by an air elemental for 1 turns
 45995 | Elf:3    | Reached skill level 15 in Air Magic
 46130 | Elf:3    | Reached skill level 15 in Fire Magic
 46141 | Elf:3    | Identified the ring of Kotysul {rF++ MP+9 Dex+2}
 46143 | Elf:3    | Reached skill level 10 in Armour
 46361 | Elf:3    | Identified the +7 trident "Transmigrator" {holy, rF+ Str+2}
 46382 | Elf:3    | Identified the amulet of Rupp {Reflect Regen+ SH+5}
 46384 | Abyss:3  | Cast into level 3 of the Abyss (a deep elf sorcerer)
 46461 | Elf:3    | Escaped the Abyss
 46465 | Elf:3    | Noticed a Brimstone Fiend
 46654 | Elf:3    | Reached skill level 5 in Dodging
 47218 | Elf:3    | Identified the +1 pair of boots "Nyad" {rElec rPois rN++
                  | Str-3}
 47218 | Elf:3    | Found the +8 orange crystal plate armour {Archmagi, Int+3
                  | Clar}
 47222 | Elf:3    | Got the Precepts of Shifting Maleficent Acts
 47246 | Elf:3    | Identified the +3 quick blade of Defiance {flame, *Rage
                  | rC++ rCorr Dex+2}
 47252 | Elf:3    | Identified the +2 ring mail of Foolhardiness {rElec Dex+6}
 47565 | Vaults:1 | Entered Level 1 of the Vaults
 47766 | Vaults:1 | Gained mutation: Your presence sometimes corrodes those you
                  | injure. [demonic ancestry]
 47766 | Vaults:1 | Reached XP level 19. HP: 137/139 MP: 9/32
 47893 | Vaults:1 | Reached skill level 10 in Spellcasting
 48792 | Vaults:1 | Identified the +3 hat "Juchoj Hooni" {rPois rC+}
 49458 | Vaults:2 | Found a crumbling gateway.
 49488 | Desolati | Entered the Desolation of Salt
 49602 | Desolati | Reached skill level 10 in Dodging
 49811 | Desolati | Identified the ring of Fedhas's Regard {Fly Will- rCorr
                  | Dex+2}
 49860 | Desolati | Identified the +0 spear "Ehephaeh" {flame, rN+}
 50189 | Desolati | Found the +5 glaive of the Guard {elec, spectral}
 50200 | Desolati | Got the Notes on Arenous Death
 50203 | Desolati | Got the Papyrus of the Sun and Execration
 50277 | Desolati | Identified the +2 leather armour of Sixuink {+Inv rPois
                  | SInv}
 50565 | Desolati | Found the +16 obsidian axe {drain, demonic, Mesm ^Drain Fly
                  | SInv}
 50581 | Desolati | Identified the ring of Ageca {rPois rN+++ Will- rCorr
                  | Str+3}
 50585 | Desolati | Identified the +2 ring mail of Okawaru's Outrage {rF+ rC-
                  | SInv}
 50662 | Desolati | Got Wyvyseuf's Lessons on Shivering Ozone
 51182 | Vaults:2 | Gained mutation: Your presence sometimes corrodes or
                  | deforms those you injure. [demonic ancestry]
 51182 | Vaults:2 | Reached XP level 20. HP: 120/146 MP: 22/34
 51651 | Vaults:2 | Noticed Xtahua
 51663 | Vaults:2 | Killed Xtahua
 52765 | Vaults:3 | Found a staircase to the Crypt.
 52765 | Vaults:3 | Found a basalt altar of Yredelemnul.
 52766 | Vaults:3 | Found an ancient bone altar of Kikubaaqudgha.
 53093 | Vaults:4 | Found Yjuasos's Antique Armour Emporium.
 53096 | Vaults:4 | Bought a spiked ring mail for 414 gold pieces
 53096 | Vaults:4 | Identified the +5 ring mail of Greed {Fly Int+5} (You
                  | bought it in a shop on level 4 of the Vaults)
 53101 | Vaults:4 | Identified a scroll of acquirement
 53109 | Vaults:4 | Acquired the Exposition on Invitation and the Volley
 53563 | Vaults:4 | Found Cokio's Armour Boutique.
 53731 | Vaults:4 | Found Demel's Antique Armour Shoppe.
 54046 | Vaults:4 | Noticed Saint Roka
 54053 | Vaults:4 | Killed Saint Roka
 54513 | Vaults:4 | Learned a level 8 spell: Ignition
 54519 | Vaults:4 | Learned a level 5 spell: Irradiate
 54842 | D:15     | Found a staircase to the Depths.
 54959 | D:15     | Killed Roxanne
 55173 | Depths:1 | Entered Level 1 of the Depths
 55318 | Depths:1 | Reached XP level 21. HP: 103/156 MP: 19/35
 55511 | Depths:1 | Found Lentiav's Jewellery Shop.
 55513 | Depths:1 | Found Biavopul's Jewellery Boutique.
 55513 | Depths:1 | Found Puevaocs's Armour Shop.
 55518 | Depths:1 | Found Gufoas's Assorted Antiques.
 55530 | Depths:1 | Bought 2 scrolls of blinking for 420 gold pieces
 55530 | Depths:1 | Bought a scroll of teleportation for 84 gold pieces
 55804 | Depths:1 | Found a gateway to Hell.
 55818 | Depths:1 | Identified the +1 chain mail of the Kraken {rC+ Str+5
                  | Dex-3}
 56296 | Depths:1 | Found a portal to a secret trove of treasure.
 56555 | Depths:2 | Reached skill level 10 in Alchemy
 56592 | Depths:2 | Found Xidilec's Book Shoppe.
 56602 | Depths:2 | Reached skill level 5 in Conjurations
 57848 | Depths:1 | You paid a toll of a +7 demon blade to enter a treasure
                  | trove
 57849 | Trove    | Entered a treasure trove
 57875 | Trove    | Identified the +1 quarterstaff of Jucam {freeze, Dex+4}
 57877 | Trove    | Identified the +0 lajatang of the Sheltering Shrike
                  | {freeze, Str+2}
 57900 | Trove    | Identified the amulet "Valurr" {Acrobat Regen+}
 57943 | Trove    | Gained mutation: A demonic guardian rushes to your aid.
                  | [demonic ancestry]
 57943 | Trove    | Reached XP level 22. HP: 162/162 MP: 36/36
 58027 | Depths:2 | Noticed Mara
 58036 | Depths:2 | Noticed freelancePsychic's illusion
 58042 | Depths:2 | Killed Mara
 58684 | Depths:2 | Acquired 1216 gold pieces
 58882 | Depths:2 | Noticed a caustic shrike
 58884 | Depths:2 | Noticed a caustic shrike
 58885 | Depths:2 | Noticed a caustic shrike
 58887 | Depths:2 | Killed a caustic shrike
 58887 | Depths:2 | Noticed a caustic shrike
 58888 | Depths:2 | Noticed a caustic shrike
 58890 | Depths:2 | Killed a caustic shrike
 58892 | Depths:2 | Killed a caustic shrike
 58896 | Depths:2 | Killed a caustic shrike
 58899 | Depths:2 | Killed a caustic shrike
 59519 | Depths:2 | Noticed a golden dragon
 59525 | Depths:2 | Killed a golden dragon
 59526 | Depths:2 | Noticed a juggernaut
 59531 | Depths:2 | Killed a juggernaut
 59531 | Depths:2 | Noticed Nikola
 60118 | Depths:2 | Killed Nikola
 60215 | Depths:2 | Found a one-way gate leading to the halls of Pandemonium.
 61183 | Depths:3 | Gained mutation: A powerful demonic guardian rushes to your
                  | aid. [demonic ancestry]
 61183 | Depths:3 | Reached XP level 23. HP: 150/168 MP: 14/37
 61761 | Depths:3 | Identified the +5 long sword "Cotwybreejiv" {flame, +Blink
                  | rElec Int-4}
 61766 | Depths:3 | Noticed a caustic shrike
 61770 | Depths:3 | Killed a caustic shrike
 61901 | Depths:3 | Found a one-way gateway to a ziggurat.
 62251 | Depths:3 | Got the Incunable of the Charming Sixfirhy
 62257 | Depths:3 | Identified the +8 shortbow "Cecop" {drain, rN+}
 62926 | Depths:4 | Entered Level 4 of the Depths
 62936 | Depths:4 | Noticed Boris
 63000 | Depths:3 | Killed Boris
 63433 | Depths:4 | Found a gate to the Realm of Zot.
 63861 | Depths:4 | Reached skill level 10 in Conjurations
 64357 | Depths:4 | Identified the ring of Milowute {+Blink Fly Str+2 Dex-5
                  | SInv}
 64446 | Depths:4 | Gained mutation: You can speak a Word of Chaos. [demonic
                  | ancestry]
 64446 | Depths:4 | Reached XP level 24. HP: 152/175 MP: 31/37
 64451 | Depths:4 | Noticed an ancient lich
 64453 | Depths:4 | Noticed a juggernaut
 64474 | Depths:4 | Killed a juggernaut
 64474 | Depths:4 | Killed an ancient lich
 64819 | Depths:4 | Identified the staff of Conversion {^Drain rPois Will+
                  | Int+7 Earth}
 64866 | Depths:4 | Learned a level 8 spell: Maxwell's Capacitive Coupling
 65256 | Vaults:5 | Entered Level 5 of the Vaults
 65330 | Vaults:5 | Noticed an ancient lich
 65527 | Vaults:5 | Killed an ancient lich
 65638 | Vaults:5 | Identified the orb of the Flying Gods {light, rElec rN+++
                  | Int+2 SInv}
 65638 | Vaults:5 | Noticed Frederick
 65641 | Vaults:5 | Paralysed by a sphinx for 3 turns
 65645 | Vaults:5 | Killed Frederick
 66094 | Vaults:5 | Acquired 451 gold pieces
 66129 | Vaults:5 | Found Vuwkuk's Assorted Antiques.
 66137 | Vaults:5 | Bought a potion of curing for 135 gold pieces
 66137 | Vaults:5 | Bought a scroll of teleportation for 135 gold pieces
 66137 | Vaults:5 | Bought a potion of brilliance for 180 gold pieces
 66397 | Vaults:5 | Identified the ring "Redeq" {*Slow rElec rC+ Dex+4}
 66943 | Vaults:5 | Got a silver rune of Zot
 66944 | Vaults:5 | Identified the +8 sling "Copi" {antimagic, +Blink rF+ rN+
                  | Str+4}
 67453 | D:13     | Upgraded the game from 0.31.0-2-g5a2aebc5c2 to
                  | 0.31.0-4-g52a2dc7128
 67605 | Zot:1    | Entered Level 1 of the Realm of Zot
 68203 | Zot:2    | Reached XP level 25. HP: 155/180 MP: 13/37
 68458 | Zot:2    | Noticed an orb of fire
 68933 | Zot:1    | Gained mutation: You do not regenerate when monsters are
                  | visible. [an orb of fire]
 68941 | Zot:1    | Gained mutation: Your body sometimes deteriorates upon
                  | taking damage. [an orb of fire]
 68942 | Zot:1    | Gained mutation: You are clumsy. (Dex -2) [an orb of fire]
 68945 | Zot:1    | Killed an orb of fire
 69121 | Zot:1    | Lost mutation: Your body sometimes deteriorates upon taking
                  | damage. [potion of mutation]
 69121 | Zot:1    | Lost mutation: You are clumsy. (Dex -2) [potion of
                  | mutation]
 69121 | Zot:1    | Lost mutation: You do not regenerate when monsters are
                  | visible. [potion of mutation]
 69121 | Zot:1    | Gained mutation: Your muscles are strong. (Str +4, Int/Dex
                  | -1) [potion of mutation]
 69791 | Zot:2    | Identified the +3 leather armour of Wiz Rasuh {+Inv rElec
                  | rC+++ Int-2}
 70065 | Zot:5    | Entered Level 5 of the Realm of Zot
 70186 | Zot:5    | Noticed an orb of fire
 70192 | Zot:5    | Killed an orb of fire
 70194 | Zot:5    | Noticed a Killer Klown
 70195 | Zot:5    | Noticed a Killer Klown
 70196 | Zot:5    | Killed a Killer Klown
 70197 | Zot:5    | Killed a Killer Klown
 70199 | Zot:5    | Noticed an orb of fire
 70201 | Zot:5    | Gained mutation: You are dopey. (Int -2) [an orb of fire]
 70203 | Zot:5    | Killed an orb of fire
 70245 | Zot:5    | Noticed an orb of fire
 70248 | Zot:5    | Noticed an ancient lich
 70249 | Zot:5    | Killed an orb of fire
 70252 | Zot:5    | Noticed a Killer Klown
 70254 | Zot:5    | Killed an ancient lich
 70260 | Zot:5    | Killed a Killer Klown
 70351 | Zot:5    | Noticed a Killer Klown
 70358 | Zot:5    | Killed a Killer Klown
 70359 | Zot:5    | Noticed a Killer Klown
 70366 | Zot:5    | Killed a Killer Klown
 70375 | Zot:5    | Noticed a Killer Klown
 70379 | Zot:5    | Killed a Killer Klown
 70432 | Zot:5    | Got the Orb of Zot
 70437 | Zot:5    | Noticed a seraph
 70438 | Zot:5    | Noticed a Killer Klown
 70842 | D:10     | Noticed Boris
 71018 | D:$      | Escaped with the Orb!

Illustrated notes

Levels and vault maps discovered:
D:1:      minmay_arrival_loop, layout_basic, serial_shops,
          nicolae_shop_window_shopping
D:2:      wander_river, layout_loops_ring, basic_altar
D:3:      layout_basic, trog_three_pillars_becter, uniq_sigmund, uniq_ijyb
D:4:      layout_rooms, minmay_goblin_outpost
D:5:      kennysheep_windowed_halls, layout_basic, uniq_edmund
D:6:      minmay_recursive_quarters, layout_basic, nicolae_uskayaw_dance_studio
D:7:      layout_loops_ring, mainiacjoe_overflow_alcove_1,
          lemuel_temple_firewalk_b, uniq_pikel, uniq_maggie
D:8:      layout_basic
D:9:      layout_basic, enter_bailey_3, grunt_ministairs_1,
          kennysheep_windowed_goal, uniq_harold
D:10:     layout_cross, elyvilon_altar_5
D:11:     layout_irregular_city, erik_lair_dragon, minmay_orc_entry_guard_dogs,
          corexii_checkpoint
D:12:     layout_roguey
D:13:     layout_gridville, skrybe_vaults_entry_preservation
D:14:     layout_cave_pools, good_gods_temple_1
D:15:     gammafunk_enter_depths_forms, layout_basic,
          nicolae_tso_carved_into_rock, uniq_roxanne
Lair:1:   layout_cave_shapes, uniq_jeremiah
Lair:2:   layout_cave_pods, minmay_swamp_entry_wisps, minivault_27,
          infiniplex_staircase_pool, grunt_megastairs_3
Lair:3:   layout_cave_pods, dummy_snake_entry, gammafunk_ghost_cemetery,
          lemuel_fruit_tree, grunt_megastairs_4, serial_bayou_shore_b,
          uniq_snorg
Lair:4:   layout_cellular_growth, uniq_rupert
Lair:5:   hangedman_lair_tendril_chambers, layout_long_grid,
          guppyfry_lair_end_dragon, slime_entry_1,
          chequers_serial_rivers_micro_b, dreamdust_mushroom_princess
Swamp:1:  cheibrodos_swamp_tower_of_moss, layout_basic_swamp,
          nicolae_swamp_tree_designs, uniq_kirke
Swamp:2:  layout_basic_swamp, ebering_ghost_reflecting_pool,
          evilmike_swamp_ruin_house_1, nicolae_swamp_decorative_isthmus,
          uniq_jorgrun, uniq_mlioglotl
Swamp:3:  layout_basic_swamp, evilmike_swamp_ruin_house_5
Swamp:4:  swamp_fiery, layout_basic_swamp, infiniplex_staircase_pool_2
Snake:1:  gammafunk_its_a_trap, layout_chambers,
          portal_ice_cave_entry_pillars_1, basic_altar
Snake:2:  layout_rooms, serial_bayou_shore_b, uniq_vashnia
Snake:3:  layout_misc_corridors, nicolae_snake_horde_hoard, uniq_bai_suzhen,
          uniq_donald
Snake:4:  grunt_snake_rune_pools, layout_cave_town, serial_shops, shop,
          nicolae_shop_just_a_little_nook, nicolae_shop_rolling_square,
          gammafunk_ghost_abyssal_escape
Orc:1:    layout_caves, serial_shops, nicolae_shop_waterfront, basic_altar
Orc:2:    kennysheep_orc_mage_school, layout_diamond_mine
Elf:1:    elf_arrival_001, layout_geoelf_diagonals, minmay_elf_crystal_heptagon,
          small_chamber_with_monster, grunt_megastairs_5
Elf:2:    elven_hall_of_blades_hangedman_alternative
          [nicolae_blade_little_rooms], layout_onion_city,
          minmay_strange_pillars
Elf:3:    minmay_elf_hall_quartered_circle, layout_geoelf_octagon
Vaults:1: vaults_room_pool, hangedman_vaults_hat, nicolae_vaults_tetromino_Z_2,
          nicolae_vaults_network_quincunx
          [nicolae_vaults_network_quincunx_subvault,
          nicolae_vaults_network_quincunx_subvault,
          nicolae_vaults_network_quincunx_subvault,
          nicolae_vaults_network_quincunx_subvault,
          nicolae_vaults_network_quincunx_subvault], v_misc_5,
          nicolae_vaults_triangles, nicolae_vaults_trapezoid_3, v_misc_10,
          vaults_dpeg_ring, nicolae_vaults_stepped_doors,
          layout_vaults_omnicross
Vaults:2: portal_desolation_entry_garden, vaults_room_stairs_pillars, st_cross,
          vaults_room_octagon, v_misc_24, vaults_room_pools,
          hangedman_vaults_slither, nicolae_vaults_angled_halls,
          vaults_dpeg_hooks, nicolae_vaults_surprise_closet,
          nicolae_vaults_network_star, layout_vaults_maze_snakey, uniq_xtahua
Vaults:3: nicolae_vaults_whirlpool_walls, minmay_crypt_entry_necro_gods,
          nicolae_vaults_border_crossing, ontoclasm_vaults_ring_square,
          nicolae_vaults_tetromino_L_1, nicolae_vaults_specimen_jars,
          nicolae_vaults_door_testing_chamber, nicolae_vaults_mini_display_case,
          nicolae_vaults_circle_grid_a, layout_vaults_omnibox
Vaults:4: ontoclasm_vaults_fault, nicolae_vaults_trapezoid_layered,
          vaults_room_fancy_cross, v_misc_27, vaults_room_ringed_pool,
          nicolae_vaults_frosty_reception, v_misc_18, v_pattern_2,
          grunt_vaults_twisty, nicolae_vaults_wrenched,
          nicolae_vaults_tetromino_Z_2, ontoclasm_vaults_decontamination,
          nicolae_vaults_trapezoid_lopsided_3, nicolae_vaults_circle_grid_b,
          grunt_vaults_hallway_short, layout_vaults_big_room, serial_shops,
          shop, shop_statue, shop, uniq_saint_roka
Vaults:5: uniq_frederick
Depths:1: layout_gridville, minmay_misc_feat_square, abyss_entry,
          nicolae_trove_entry_path_of_doom, lightli_too_deep,
          corexii_leaking_fountain, kennysheep_generic_room_4, minmay_shoptagon
Depths:2: hangedman_grunt_twisty_little_passages, layout_basic,
          grunt_pan_entry_sceptre, pf_hell_entry_great_geh, serial_shops, shop,
          serial_bayou_shore_b, firewood_loft, uniq_mara, uniq_nikola
Depths:3: minmay_the_grid_octo_tiled_squarecenter_mashed
          [minmay_the_grid_octo_fan_narrow, minmay_the_grid_octo_checkered,
          minmay_the_grid_octo_toaster, minmay_the_grid_octo_77,
          minmay_the_grid_square_5x5_megaprize_diamond,
          minmay_the_grid_square_5x5_tetrominoes,
          minmay_the_grid_square_5x5_doubleslash,
          minmay_the_grid_square_5x5_spiral, minmay_the_grid_square_5x5_c],
          layout_basic, ziggurat_fallback, pan_entry,
          abyss_entry_small_statue_room, hangedman_tar_grid_catacomb,
          hex_intersection, infiniplex_staircase_door_maze
Depths:4: hangedman_pleasuredromes, hell_entry, uniq_boris
Zot:1:    layout_misc_corridors
Zot:2:    layout_onion, regret_index_zotdec_barnacled_alternative, uniq_grunn
Zot:3:    layout_misc_corridors, hangedman_zot_diagonal_lockstep
Zot:4:    layout_gridlike
Zot:5:    layout_basic

Skill      XL: |  1  2  3  4  5  6  7  8  9 10 11 12 13 14 15 16 17 18 19 20 21 22 23 24 25 |
---------------+----------------------------------------------------------------------------+-----
Fighting       | 1 2 3 4 5 7 8 10 11 13 14 15 17 | 17.0
Air Magic      | 1 2 5 7 9 11 13 14 15 19 22 | 22.0
Spellcasting   | 3 4 5 6 7 8 9 10 | 10.0
Alchemy        | 4 5 6 7 9 10 | 10.1
Fire Magic     | 1 2 4 5 7 9 10 11 12 13 14 15 17 20 22 | 22.6
Evocations     | 2 6 |  6.3
Dodging        | 4 5 12 | 12.0
Invocations    | 4 5 6 7 10 11 | 11.1
Shields        | 1 2 5 6 |  6.2
Staves         | 2 5 6 |  6.0
Armour         | 5 8 11 | 11.0
Conjurations   | 3 7 10 11 | 11.2
Stealth        | |  1.7

Action                     |  1- 3 |  4- 6 |  7- 9 | 10-12 | 13-15 | 16-18 | 19-21 | 22-24 | 25-27 || total
---------------------------+-------+-------+-------+-------+-------+-------+-------+-------+-------++-------
  Melee: Unarmed           |     6 |       |       |       |       |       |     7 |       |       ||    13
         Whip              |     9 |       |       |       |       |       |       |       |       ||     9
         Flail             |    18 |    97 |   141 |   115 |       |       |       |       |       ||   371
         Punch             |       |     1 |     3 |     1 |       |       |       |       |       ||     5
         Staff             |       |       |       |    21 |   129 |   398 |   357 |   355 |    37 ||  1297
         Kick              |       |       |       |       |       |   160 |   183 |   208 |    25 ||   576
   Cast: Sting             |    50 |    11 |    28 |     2 |     4 |       |       |       |       ||    95
         Mercury Vapours   |     5 |    13 |    20 |     1 |     1 |       |       |     2 |       ||    42
         Olgreb's Toxic Ra |       |       |    23 |   103 |   128 |    12 |     4 |     3 |       ||   273
         Sticky Flame      |       |       |     7 |    24 |    81 |     3 |       |     3 |       ||   118
         Plasma Beam       |       |       |       |       |    78 |   364 |   267 |   212 |    45 ||   966
         Irradiate         |       |       |       |       |       |       |       |     9 |     8 ||    17
         Ignition          |       |       |       |       |       |       |       |    40 |     9 ||    49
         Maxwell's Capacit |       |       |       |       |       |       |       |    10 |    20 ||    30
 Invoke: Recall Ancestor   |       |       |       |     1 |     4 |     6 |     2 |     1 |     8 ||    22
         Ancestor Life: Kn |       |       |       |     1 |       |       |       |       |       ||     1
         Ancestor Identity |       |       |       |     1 |       |       |       |       |       ||     1
         Idealise          |       |       |       |       |     6 |     6 |     3 |     4 |     5 ||    24
         Transference      |       |       |       |       |     1 |       |       |       |       ||     1
  Evoke: Wand              |       |       |       |     4 |     9 |    13 |       |       |     1 ||    27
         Phantom mirror    |       |       |       |     1 |     3 |     1 |     1 |       |       ||     6
         Box of beasts     |       |       |       |       |     1 |       |     1 |       |     1 ||     3
         Lightning rod     |       |       |       |       |       |     4 |       |       |       ||     4
    Use: Scroll            |       |     1 |     7 |    13 |    10 |    32 |     8 |     6 |     8 ||    85
         Potion            |       |       |     4 |       |    13 |    11 |     5 |     2 |     5 ||    40
   Stab: Sleeping          |       |     1 |     3 |     2 |     1 |     4 |     1 |       |       ||    12
         Distracted        |       |       |       |       |     1 |     5 |     2 |     4 |       ||    12
 Armour: Robe              |    39 |    24 |       |       |       |       |       |       |       ||    63
         Leather armour    |       |    78 |   159 |       |       |       |       |       |       ||   237
         Steam dragon scal |       |       |    19 |   196 |   276 |   241 |       |       |       ||   732
         Swamp dragon scal |       |       |       |       |       |   379 |   338 |   462 |   113 ||  1292
         Skin              |       |       |       |       |       |       |     2 |       |       ||     2
  Dodge: Dodged            |    25 |    82 |   132 |   197 |   297 |   431 |   292 |   384 |    94 ||  1934
         Repelled          |       |       |       |       |       |    11 |    19 |    23 |     7 ||    60
  Block: Buckler           |       |       |       |       |    54 |     1 |   170 |   214 |    33 ||   472
